 Dungeon Crawl Stone Soup version 0.14-a0-1686-g0e827d1 (webtiles) character file.

2366 ReteAZ the Basher (level 9, -7/89 HPs)
             Began as an Ogre Wizard on Dec 30, 2013.
             Was a Priest of Ashenzari.
             Mangled by a boulder beetle (44 damage)
             ... on Level 7 of the Dungeon.
             The game lasted 00:47:39 (8704 turns).

ReteAZ the Basher (Ogre Wizard)                     Turns: 8704, Time: 00:47:39

HP  -7/89        AC  5     Str 15      XL: 9   Next: 27%
MP  19/19        EV 11     Int 17      God: Ashenzari [***...]
Gold 283         SH  0     Dex 10      Spells:  3 memorised, 11 levels left

rFire  . . .     SeeInvis +     r - +1,+0 giant club (curse)
rCold  . . .     Clarity  +     a - +0 robe (curse)
rNeg   . . .     Conserve .     (shield restricted)
rPois  .         rCorr    .     b - +0 wizard hat (curse)
rElec  .         rRot     .     (no cloak)
SustAb . .       Spirit   .     (gloves unavailable)
rMut   .         Warding  .     (boots unavailable)
Saprov + . .     Stasis   .     (no amulet)
                                e - cursed ring of regeneration
                                v - cursed ring of sustenance

@: somewhat resistant to hostile enchantments, unstealthy
A: unfitting armour, hooves 1, yellow scales 1, fast metabolism 1, saprovore 1,
tough skin 1
a: Renounce Religion


You were on level 7 of the Dungeon.
You worshipped Ashenzari.
Ashenzari was most pleased with you.
You were not hungry.

You visited 2 branches of the dungeon, and saw 8 of its levels.

You collected 283 gold pieces.

Inventory:

Hand weapons
 q - a +0,+0 elven dagger of venom
 r - a cursed +1,+0 giant club (weapon)
Missiles
 t - 5 tomahawks
 z - 4 javelins (quivered)
Armour
 a - a cursed +0 robe (worn)
 b - a cursed +0 wizard hat (worn)
Comestibles
 d - 6 meat rations
 f - 2 rotting chunks of jackal flesh
 g - 2 bread rations
 n - 2 rotting chunks of hobgoblin flesh
 C - a pear
 N - an apple
Scrolls
 h - 2 scrolls of teleportation
 i - a scroll of curse weapon
 j - 3 scrolls of fog
 l - 4 scrolls of immolation
 p - 7 scrolls of identify
 s - a scroll of random uselessness
 u - a scroll of fear
 w - a scroll of remove curse
 y - a scroll of noise
 F - 3 scrolls of blinking
 G - a scroll of magic mapping
 I - a scroll of amnesia
 M - a scroll of curse jewellery
Jewellery
 e - a cursed ring of regeneration (right hand)
 k - an uncursed ring of sustenance
 v - a cursed ring of sustenance (left hand)
Potions
 m - a potion of flight
 o - a potion of magic {unknown}
 x - a potion of lignification {unknown}
 A - a potion of speed
 D - a potion of brilliance
Books
 c - a book of Minor Magic

   Spells                             Type                      Level
   *Magic Dart                        Conjuration                  1
   *Blink                             Translocation                2
   Call Imp                           Summoning                    2
   *Repel Missiles                    Charms/Air                   2
   Slow                               Hexes                        2
   Conjure Flame                      Conjuration/Fire             3
   Mephitic Cloud                     Conjuration/Poison/Air       3
 E - a book of Maledictions

   Spells                             Type                      Level
   Corona                             Hexes                        1
   Sure Blade                         Hexes/Charms                 2
   Ensorcelled Hibernation            Hexes/Ice                    2
   Confuse                            Hexes                        3
   Enslavement                        Hexes                        4
   Invisibility                       Hexes                        6


   Skills:
 - Level 6.1 Fighting
 * Level 10.9(14.4) Maces & Flails
 + Level 3.8(5.5) Dodging
 - Level 1.5(2.9) Stealth
 - Level 4.0 Spellcasting
 - Level 2.0(3.4) Conjurations
 - Level 3.1(4.7) Charms
   Level 0.6(1.5) Summonings
 - Level 1.0(2.1) Translocations


You had 11 spell levels left.
You knew the following spells:

 Your Spells              Type           Power        Failure   Level  Hunger
a - Magic Dart            Conj           ###.         4%          1    None
b - Blink                 Tloc           N/A          12%         2    ##.....
c - Repel Missiles        Chrm/Air       ##........   12%         2    ##.....


Dungeon Overview and Level Annotations

Branches:
Dungeon (7/16)             Temple (1/1) D:6

Altars:
Ashenzari
Cheibriados
Fedhas
Kikubaaqudgha
Vehumet

Shops:
D:5 %

Annotations:
D:4 Sigmund


Innate Abilities, Weirdness & Mutations

You are too large for most types of armour.
You have a fast metabolism.
You can tolerate rotten meat.
You have tough skin (AC +1).
You have large cloven feet.
You are partially covered in yellow scales (AC +2).


Message History

You hit the boulder beetle but do no damage.
The boulder beetle is lightly wounded.
The boulder beetle bites you!
You bludgeon the boulder beetle!! You kick the boulder beetle.
The boulder beetle is moderately wounded.
You hit the boulder beetle.
You kick the boulder beetle, but do no damage.
The boulder beetle is moderately wounded.
The boulder beetle bites you!
You hit the boulder beetle but do no damage.
The boulder beetle is moderately wounded.
You sock the boulder beetle! You kick the boulder beetle.
The boulder beetle is heavily wounded.
The boulder beetle closely misses you.
You hit the boulder beetle. You kick the boulder beetle.
The boulder beetle is heavily wounded.
You thump the boulder beetle!
The boulder beetle is severely wounded.
The boulder beetle bites you!
You die...

....#.#.......# *∆#.k.......%
..###.#.......#∆ ,,, ##..>##...#
.####.#.......##∆{ ###.........
......#........#######..#........
......#..........#...............
......#.....##...................
......#.....##..........#........
#####.......##..........#........
##.#...#.....@...###.#....####
####...........#B#..# #.#....####
...'...<[...........###.#........
..##...))........#....#.#........
.................#....'..........
.................#....#.#........
.................#.####.#).).....
.#####...........#.# #.##.######
............######.# #..))...#


You could see a boulder beetle.

Vanquished Creatures
  The ghost of Gorice the Slicer, an experienced KoWn (D:5)
  An ice beast (D:5)
  2 centaurs
  2 ogres
  2 giant frogs
  A water moccasin (D:7)
  A jelly (D:7)
  2 killer bees
  4 crimson imps
  A goliath beetle (D:6)
  A hound (D:4)
  5 orc priests
  A centaur skeleton (D:5)
  5 orc wizards
  A scorpion (D:6)
  2 iguanas
  5 worker ants
  Ijyb (D:6)
  5 gnolls
  7 adders
  A worm zombie (D:7)
  5 worms
  A giant eyeball (D:7)
  28 orcs
  3 ball pythons
  6 giant cockroaches
  16 hobgoblins
  8 jackals
  14 kobolds
  5 quokkas
  8 bats
  3 giant geckos
  8 giant newts
  9 goblins
  14 rats
179 creatures vanquished.

Vanquished Creatures (others)
  An orc (D:7)
1 creature vanquished.

Grand Total: 180 creatures vanquished

Notes
Turn   | Place    | Note
--------------------------------------------------------------
     0 | D:1      | ReteAZ, the Ogre Wizard, began the quest for the Orb.
     0 | D:1      | Reached XP level 1. HP: 16/16 MP: 4/4
   360 | D:1      | Reached skill level 4 in Spellcasting
   382 | D:1      | Reached skill level 1 in Conjurations
   382 | D:1      | Reached XP level 2. HP: 7/24 MP: 0/7
   750 | D:1      | Reached XP level 3. HP: 19/32 MP: 9/9
   788 | D:1      | HP: 1/32 [poisoned by a goblin]
   970 | D:1      | Reached skill level 1 in Fighting
  1537 | D:2      | Found a shattered altar of Ashenzari.
  1618 | D:2      | Learned a level 2 spell: Blink
  1621 | D:2      | Learned a level 2 spell: Repel Missiles
  1660 | D:2      | Reached XP level 4. HP: 31/44 MP: 9/11
  1915 | D:2      | Became a worshipper of Ashenzari the Shackled
  1970 | D:3      | Reached skill level 1 in Translocations
  2609 | D:3      | Reached skill level 1 in Maces & Flails
  2612 | D:3      | Reached XP level 5. HP: 26/53 MP: 2/13
  2687 | D:3      | Noticed a centaur
  2697 | D:3      | Killed a centaur
  2853 | D:3      | Found a radiant altar of Vehumet.
  3200 | D:3      | Reached XP level 6. HP: 57/65 MP: 15/15
  3234 | D:3      | Reached skill level 5 in Fighting
  4140 | D:4      | Noticed Sigmund
  4731 | D:4      | Found a blossoming altar of Fedhas.
  4744 | D:4      | Reached skill level 6 in Fighting
  5208 | D:4      | Reached skill level 1 in Charms
  5208 | D:4      | Reached XP level 7. HP: 75/75 MP: 3/17
  5223 | D:4      | Gained mutation: You are partially covered in yellow scales (AC +2). [potion of mutation]
  5223 | D:4      | Gained mutation: You have large cloven feet. [potion of mutation]
  5273 | D:4      | HP: 3/75 [orc wizard/uncursed orcish morningstar (7)]
  5275 | D:4      | Reached skill level 5 in Maces & Flails
  5557 | D:5      | Entered Level 5 of the Dungeon
  5575 | D:5      | Found Berghag's Food Shoppe.
  5952 | D:5      | Noticed Gorice's ghost (experienced KoWn)
  5966 | D:5      | Killed Gorice's ghost
  5966 | D:5      | Reached skill level 7 in Maces & Flails
  5966 | D:5      | Reached XP level 8. HP: 56/83 MP: 18/18
  6486 | D:6      | Reached skill level 8 in Maces & Flails
  6613 | D:6      | Found a staircase to the Ecumenical Temple.
  6620 | Temple   | Entered the Ecumenical Temple
  6620 | Temple   | Acquired Ashenzari's first power
  6960 | D:6      | Noticed Ijyb
  6966 | D:6      | Killed Ijyb
  7135 | D:6      | Reached skill level 9 in Maces & Flails
  7689 | D:7      | Reached skill level 10 in Maces & Flails
  7727 | D:7      | Reached XP level 9. HP: 84/89 MP: 16/19
  8385 | D:7      | Acquired Ashenzari's second power
  8704 | D:7      | Mangled by a boulder beetle

Action                   |  1- 3 |  4- 6 |  7- 9 || total
-------------------------+-------+-------+-------++-------
Melee: Dagger            |    67 |   272 |       ||   339
       Giant club        |       |       |   266 ||   266
Throw: Javelin           |     2 |    42 |    39 ||    83
 Cast: Magic Dart        |    35 |    39 |    22 ||    96
       Repel Missiles    |       |     3 |     6 ||     9
       Blink             |       |       |     3 ||     3
  Use: Potion            |     1 |     5 |     7 ||    13
       Scroll            |       |     3 |    18 ||    21
 Stab: Sleeping          |     1 |       |     2 ||     3
